 Dungeon Crawl Stone Soup version 0.31.0-32-g396128a36d (webtiles) character file.

Game seed: 12521689808417299862

75 Marvel the Chopper (level 4, 0/60 HPs)
             Began as a Hill Orc Fighter on Mar 23, 2024.
             Was a Follower of Beogh.
             Succumbed to Ijyb's poison
             ... on level 3 of the Dungeon.
             The game lasted 00:01:59 (1392 turns).

Marvel the Chopper (Hill Orc Fighter)               Turns: 1392, Time: 00:02:00

Health: 0/60       AC: 22    Str: 20    XL:     4   Next: 31%
Magic:  4/4        EV:  2    Int:  8    God:    Beogh [*.....]
Gold:   127        SH:  4    Dex: 10    Spells: 3/3 levels left

rFire   . . .        a - +0 war axe
rCold   . . .        c - +0 buckler
rNeg    . . .        b - melded +0 scale mail
rPois   +            (helmet currently unavailable)
rElec   .            (cloak currently unavailable)
rCorr   .            (gloves currently unavailable)
SInv    .            e - melded +0 pair of boots
Will    .....        (no amulet)
Stlth   +            (no ring)
HPRegen 0.30/turn    (no ring)
MPRegen 0.09/turn

%: no passive effects
@: mighty, lethally poisoned (0 -> -2), tree-form, hasted, very quick
A: stationary, stasis, torment immunity, boosted hp, persistent drain
a: Renounce Religion


You were on level 3 of the Dungeon.
You worshipped Beogh.
Beogh was aware of your devotion.
You were a tree.
You visited 1 branch of the dungeon, and saw 3 of its levels.

You collected 127 gold pieces.

Inventory:

Hand Weapons
 a - a +0 war axe (weapon)
 i - a +0 spear
 o - a +0 short sword of freezing
Armour
 b - a +0 scale mail (melded)
 c - a +0 buckler (worn)
 e - a +0 pair of boots (melded)
Jewellery
 l - a ring of protection from cold
 n - a ring of resist corrosion
Scrolls
 g - a scroll of amnesia {unknown}
 h - 2 scrolls of teleportation {unknown}
 j - a scroll of immolation
 m - 2 scrolls of identify {unknown}
Potions
 f - a potion of haste


   Skills:
 + Level 4.1 Fighting
 + Level 4.3 Axes
 + Level 3.7 Armour
 + Level 0.2 Dodging
 + Level 3.8 Shields


You had 3 spell levels left.
You didn't know any spells.
Your spell library contained the following spells:

 Spells                   Type           Power      Damage    Failure   Level
 Summon Small Mammal      Summ           0%         N/A       47%         1
 Call Canine Familiar     Summ           0%         N/A       85%         3
 Summon Blazeheart Golem  Fire/Summ      0%         N/A       99%         4


Dungeon Overview and Level Annotations

Branches:
Dungeon (3/15)

Altars:
Dithmenos
Beogh

Shops:
D:1 (

Annotations:
D:3 Ijyb


Innate Abilities, Weirdness & Mutations

You are a tree.
Your roots penetrate the ground, keeping you stationary.
You cannot be teleported.
You are immune to unholy pain and torment.
Your maximum health is greatly increased.
Your equipment is partially melded.
Your health recovers twice as slowly from being drained.


Message History

* * * LOW HITPOINT WARNING * * *
You feel very sick. Ijyb hits you but does no damage.
It was a potion of mutation.
You feel extremely strange.
You begin to recover more slowly from draining effects.
You feel sick.
Ijyb hits you with a +2 dagger of venom.
* * * LOW HITPOINT WARNING * * *
You hit Ijyb.
Ijyb is heavily wounded.
* * * LOW HITPOINT WARNING * * *
You feel sick.
You closely miss Ijyb.
Ijyb is heavily wounded.
* * * LOW HITPOINT WARNING * * *
You feel sick. Ijyb hits you but does no damage.
You closely miss Ijyb.
Ijyb is heavily wounded.
* * * LOW HITPOINT WARNING * * *
You feel sick.
Ijyb hits you with a +2 dagger of venom.
* * * LOW HITPOINT WARNING * * *
You closely miss Ijyb.
Ijyb is heavily wounded.
* * * LOW HITPOINT WARNING * * *
You feel sick. Ijyb hits you but does no damage.
You hit Ijyb.
Ijyb is heavily wounded.
* * * LOW HITPOINT WARNING * * *
You feel sick. You block Ijyb's attack.
You closely miss Ijyb.
Ijyb is heavily wounded.
Ijyb hits you but does no damage.
You barely miss Ijyb.
Ijyb is heavily wounded.
* * * LOW HITPOINT WARNING * * *
You feel sick. You block Ijyb's attack.
You barely miss Ijyb.
Ijyb is heavily wounded.
You die...

## #..# .K. .#
##..#### ...
.###......## .o.
............. .....
####......##.
#####.#...
#........... ........#
##........### ###J...#
.>.#......### #.gK#
............# #♣###
#.....#.###.####.#
....###.###.#....#
....###.##....######..
###...................
..##....######.#####.#
...##.......##.......#
....#.......#######.##
_.#.#...............


You could see Ijyb, an orc (wandering), an endoplasm and a kobold.

Vanquished Creatures
  A dart slug (D:1)
  3 ribbon worms (D:2)
  An orc (D:3)
  2 ball pythons (D:2)
  6 endoplasms
  2 giant cockroaches (D:2)
  5 goblins
  5 hobgoblins
  14 jackals
  3 kobolds
  2 quokkas
  3 bats
  2 frilled lizards (D:2)
  5 rats
54 creatures vanquished.

Notes
Turn   | Place    | Note
-------+----------+-------------------------------------------
     0 | D:1      | Marvel the Hill Orc Fighter began the quest for the Orb.
     0 | D:1      | Reached XP level 1. HP: 19/19 MP: 1/1
    19 | D:1      | Found Alit's Weapon Boutique.
    57 | D:1      | Reached XP level 2. HP: 14/27 MP: 2/2
   182 | D:1      | Reached XP level 3. HP: 33/33 MP: 3/3
   718 | D:2      | Found a faded altar of an unknown god.
   743 | D:2      | Prayed at the altar of an unknown god.
   743 | D:2      | Became a worshipper of Beogh the Brigand
   743 | D:2      | Reached * piety under Beogh
   850 | D:2      | Reached XP level 4. HP: 40/40 MP: 4/4
  1290 | D:3      | Found a shadowy altar of Dithmenos.
  1370 | D:3      | Noticed Ijyb
  1384 | D:3      | Gained mutation: Your health recovers twice as slowly from
                  | being drained. [potion of mutation]
  1388 | D:3      | HP: 2/60 [poisoned by Ijyb]
  1392 | D:3      | Succumbed to Ijyb's poison

Illustrated notes

Levels and vault maps discovered:
D:1:      eino_arrival_druids_welcome, layout_basic, serial_shops, shop
D:2:      layout_loops_ring, hellmonk_ecumenical_altar_blasted
D:3:      layout_rooms, trog_book, nicolae_dithmenos_through_a_glass_darkly,
          nicolae_overflow_crystal_walls, dilly_guarded_unrand_morg,
          uniq_terence, uniq_ijyb

Skill      XL: |  1  2  3 |
---------------+----------+-----
Axes           | 3 4 |  4.3
Fighting       | 4 |  4.1
Armour         | |  3.7
Dodging        | |  0.2
Shields        | |  3.8

Action                     |  1- 3 |  4- 6 || total
---------------------------+-------+-------++-------
  Melee: War axe           |    90 |    43 ||   133
    Use: Potion            |       |     3 ||     3
 Armour: Scale mail        |    84 |    25 ||   109
         Skin              |       |     6 ||     6
  Dodge: Dodged            |    49 |    19 ||    68
  Block: Buckler           |    29 |    10 ||    39
